 Dungeon Crawl Stone Soup version 0.20-a0-642-g4ff03ff (webtiles) character file.

984 graki42 the Covered (level 8, -6/54 HPs)
             Began as a Halfling Fighter on Feb 15, 2017.
             Was an Initiate of the Shining One.
             Mangled by an orc warrior
             ... wielding a +0 scimitar
              (13 damage)
             ... on level 6 of the Dungeon.
             The game lasted 00:18:46 (5864 turns).

graki42 the Covered (Halfling Fighter)              Turns: 5864, Time: 00:18:47

Health: -6/54      AC: 10    Str: 17    XL:     8   Next: 41%
Magic:  8/8        EV: 10    Int:  8    God:    the Shining One [......]
Gold:   230        SH:  8    Dex: 16    Spells: 7/7 levels left

rFire    x . .     SeeInvis .   a - +0 long sword
rCold    + + +     Gourm    .   t - +0 chain mail
rNeg     . . .     Faith    .   b - +2 buckler of Voennov {rElec rF- rC++ Dex+2 Stlth+}
rPois    .         Spirit   .   (no helmet)
rElec    +         Reflect  .   (no cloak)
rCorr    .         Harm     .   (no gloves)
MR       .....                  (no boots)
Stlth    ..........             (no amulet)
Regen    0.2/turn               (no ring)
MPRegen  0.2/turn               s - ring of protection from cold

@: glowing
A: mutation resistance 1
a: Renounce Religion


You were on level 6 of the Dungeon.
You worshipped the Shining One.
The Shining One was noncommittal.
You were very hungry.

You visited 2 branches of the dungeon, and saw 9 of its levels.

You collected 230 gold pieces.

Inventory:

Hand Weapons
 a - a +0 long sword (weapon)
 h - a +2 dagger of draining
Armour
 b - the +2 buckler of Voennov (worn) {rElec rF- rC++ Dex+2 Stlth+}
   (You found it on level 5 of the Dungeon)

   It affects your dexterity (+2).
   It makes you vulnerable to fire.
   It greatly protects you from cold.
   It insulates you from electricity.
   It makes you more stealthy.
 c - a +0 shield
 t - a +0 chain mail (worn)
Jewellery
 s - a ring of protection from cold (left hand)
 z - an uncursed ring of wizardry {unknown}
Wands
 d - a wand of flame (24/48)
 v - a wand of digging (8/24)
Scrolls
 e - 5 scrolls of remove curse
 m - 2 scrolls of enchant armour {unknown}
 n - 2 scrolls of teleportation
 o - a scroll of blinking {unknown}
 r - 3 scrolls of amnesia {unknown}
Potions
 g - 3 potions of curing {unknown}
 j - a potion of magic
 l - 2 potions of ambrosia
 p - 2 potions of heal wounds {unknown}
 q - a potion of resistance {unknown}
 w - 2 potions of mutation {unknown}
 x - a potion of haste {unknown}
Books
 y - a book of Geomancy

   Spells                             Type                      Level
   a - Sandblast                      Earth                        1
   b - Passwall                       Transmutation/Earth          2
   c - Stone Arrow                    Conjuration/Earth            3
   d - Petrify                        Transmutation/Earth          4
   e - Lee's Rapid Deconstruction     Earth                        5
Comestibles
 f - 3 bread rations
 i - 9 fruits
 k - 4 meat rations
 u - 2 royal jellies


   Skills:
 + Level 4.1 Fighting
 + Level 2.3(4.6) Short Blades
 + Level 5.3(5.4) Long Blades
 + Level 6.0 Armour
 + Level 1.2 Dodging
 + Level 0.8 Stealth
 + Level 5.6 Shields


You had 7 spell levels left.
You didn't know any spells.

Dungeon Overview and Level Annotations

Branches:
Dungeon (8/15)             Temple (1/1) D:5
   Lair: D:8-11

Altars:
Ashenzari
Cheibriados
Dithmenos
Elyvilon
Fedhas
Gozag
Hepliaklqana
Kikubaaqudgha
Makhleb
Nemelex Xobeh
Okawaru
Qazlal
Ru
Sif Muna
Trog
Uskayaw
Vehumet
Xom
Yredelemnul
Zin
The Shining One

Shops:
D:4 (   D:6 (

Annotations:
D:7 Dowan, Duvessa


Innate Abilities, Weirdness & Mutations

You are small and have problems with some larger weapons.
You are somewhat resistant to further mutation.


Message History

You closely miss the orc warrior.
The orc warrior is heavily wounded.
The orc warrior hits you with a scimitar!
You hit the orc warrior.
The orc warrior is heavily wounded.
The orc warrior hits you with a scimitar!
* * * LOW HITPOINT WARNING * * *
You slash the orc warrior!
The orc warrior is severely wounded.
You block the orc warrior's attack.
Your chain mail prevents you from hitting the orc warrior.
The orc warrior is severely wounded.
The orc warrior hits you but does no damage.
You hit the orc warrior but do no damage.
The orc warrior is severely wounded.
The orc warrior hits you but does no damage.
You hit the orc warrior.
The orc warrior is almost dead.
The orc warrior hits you with a scimitar!
You die...

........#............
#...(...#.....#######
#.......#.(...# #
#.......###.#####
#.##.......##......#
#..........##..###.#
#...o...##..###.# #o#
#...##.# #@# #.#.##.#
#####.#####.#.##.#
#.........#.#.##.# #
##.###.###.#......# ##
####...##.###.###..>.####.
+.......................'.
####......###.###.)..####.
##..#### #.........# ##
#..# #..#####..# #


You could see an orc warrior and an orc.

Vanquished Creatures
  Edmund (D:5)
  A sky beast (D:7)
  An ice beast (D:5)
  2 bullfrogs
  A bullfrog zombie (D:5)
  A hound (D:4)
  3 orc wizards
  A jelly (D:5)
  2 orc priests
  2 iguanas
  A worker ant (D:4)
  2 hound skeletons (D:5)
  Robin (D:4)
  A worker ant zombie (D:8)
  4 adders
  A shadow imp (D:5)
  5 oozes
  An adder skeleton (D:5)
  3 worms
  2 dart slugs
  A leopard gecko (D:2)
  16 orcs
  4 giant cockroaches
  14 goblins
  8 hobgoblins
  7 jackals
  2 quokkas
  3 bats (D:2)
  7 frilled lizards
  10 kobolds
  A quokka zombie (D:8)
  10 rats
119 creatures vanquished.

Vanquished Creatures (others)
  2 plants (D:8)
2 creatures vanquished.

Grand Total: 121 creatures vanquished

Notes
Turn   | Place    | Note
-------+----------+-------------------------------------------
     0 | D:1      | graki42 the Halfling Fighter began the quest for the Orb.
     0 | D:1      | Reached XP level 1. HP: 15/15 MP: 1/1
    79 | D:1      | Reached XP level 2. HP: 7/20 MP: 2/2
   284 | D:1      | Reached XP level 3. HP: 19/26 MP: 3/3
   607 | D:2      | Reached XP level 4. HP: 17/31 MP: 4/4
  1018 | D:3      | Reached XP level 5. HP: 32/36 MP: 5/5
  1167 | D:3      | Found a stormy altar of Qazlal.
  1961 | D:4      | Noticed Robin
  2032 | D:4      | Killed Robin
  2036 | D:4      | Reached skill level 4 in Armour
  2111 | D:4      | Reached XP level 6. HP: 19/42 MP: 6/6
  2401 | D:4      | Found Olusief's Weapon Emporium.
  2450 | D:4      | Reached skill level 1 in Short Blades
  2545 | D:4      | You fall through a shaft for 2 floors!
  2869 | D:6      | Found Booruuqi's Weapon Shoppe.
  2893 | D:5      | Entered Level 5 of the Dungeon
  3315 | D:4      | Reached XP level 7. HP: 36/46 MP: 7/7
  3414 | D:5      | Noticed Edmund
  3445 | D:5      | Killed Edmund
  3445 | D:5      | Reached skill level 5 in Armour
  3445 | D:5      | Reached skill level 5 in Shields
  3736 | D:5      | Got a smoking buckler
  3747 | D:5      | Identified the +2 buckler of Voennov {rElec rF- rC++ Dex+2 Stlth+} (You found it on level 5 of the Dungeon)
  4006 | D:5      | You fall through a shaft for 3 floors!
  4472 | D:7      | Noticed a vampire
  4487 | D:7      | HP: 2/47 [something (7)]
  4805 | D:7      | Reached skill level 5 in Long Blades
  4805 | D:7      | Reached XP level 8. HP: 48/54 MP: 8/8
  4880 | D:7      | Noticed Dowan
  4882 | D:7      | Noticed Duvessa
  5107 | D:5      | Found a staircase to the Ecumenical Temple.
  5164 | Temple   | Entered the Ecumenical Temple
  5328 | Temple   | Became a worshipper of the Shining One
  5551 | D:5      | Reached skill level 6 in Armour
  5551 | D:5      | Reached skill level 1 in Dodging
  5864 | D:6      | Mangled by an orc warrior

Vault maps used:
D:1:      onia_arrival_mini_spirals
D:2:      serial_park_tiny_1
D:3:      first_bread, grunt_qazlal_sundering
D:4:      kennysheep_small_square, uniq_robin
D:5:      temple_pool_b, uniq_edmund
D:6:      serial_shops, shop, basic_altar, uniq_pikel
D:7:      minmay_opposing_rooms, nemelex_xobeh_ov_fountains_minmay, uniq_duvessa
D:8:      serial_shops, nicolae_shop_behind_doors, hangedman_pestilent_swarm,
          minmay_misc_feat_ornament, minmay_stone_trees_medium,
          serial_bayou_lake_a
Temple:   minmay_crystal_snake_temple

Skill      XL: |  1  2  3  4  5  6  7  8 |
---------------+-------------------------+-----
Fighting       | 3 4 |  4.1
Shields        | 4 5 |  5.6
Long Blades    | 3 4 5 |  5.3
Armour         | 4 5 6 |  6.0
Short Blades   | 1 2 |  2.3
Dodging        | 1 |  1.2
Stealth        | |  0.8

Action                   |  1- 3 |  4- 6 |  7- 9 || total
-------------------------+-------+-------+-------++-------
Melee: Long sword        |    94 |   189 |   169 ||   452
       Dagger            |     9 |    56 |    26 ||    91
  Use: Potion            |       |     2 |     2 ||     4
       Scroll            |       |     5 |     2 ||     7
  Eat: Chunk             |       |     6 |     7 ||    13
       Fruit             |       |     2 |     1 ||     3
Armor: Scale mail        |    46 |    23 |       ||    69
       Chain mail        |       |    99 |    83 ||   182
Dodge: Dodged            |    33 |    83 |    53 ||   169
Block: Shield            |    62 |   155 |    18 ||   235
       Buckler           |       |       |    50 ||    50
       Rpst.: Long sword |     5 |    19 |    18 ||    42
